AoeStats
← Rafaelbdoo

Enclosed

506506567Analyzed
1v1 RM · 20d ago on Sep 13, 2026· 46m 11s· 2 players
Game mode
Random Map
Map size
Tiny (2 player)
Population
200
Speed
Normal
Resources
Standard
Victory
Conquest
Starting age
Dark Age
Ending age
Imperial Age
RankedLock teamsTeams togetherTeam positionsShared explorationLock speedFull tech treeHidden civsTurbo modeCheats
Victory
Defeat
🇦🇷 Persians · Argentina
597
+15
🇧🇷 Byzantines · Brazil
574
-15
Rafaelbdoo
12:37 Feudal Age
13:10 Horse Collar
13:18 Double-Bit Axe
14:51 Scale Mail Armor
15:49 Loom
22:12 Forging
22:48 Wheelbarrow
26:55 Castle Age
25:18 Gold Mining
25:24 Stone Mining
28:54 Hand Cart
28:52 Bow Saw
28:45 Heavy Plow
29:29 Gold Shaft Mining
29:04 Husbandry
32:41 Imperial Age
31:55 Squires
32:44 Pikeman
32:48 Light Cavalry
34:15 Fervor
35:17 Stone Shaft Mining
35:30 Crop Rotation
35:25 Block Printing
39:30 Halberdier
40:39 Conscription
41:04 Sanctity
41:11 Elite Cataphract
44:17 Hussar
HIGUAIN
6:52 Loom
10:25 Feudal Age
10:07 Loom
10:56 Double-Bit Axe
23:48 Castle Age
22:21 Horse Collar
22:39 Gold Mining
24:32 Thumb Ring
25:51 Heavy Plow
26:04 Bow Saw
29:48 Wheelbarrow
29:12 Elite Skirmisher
31:28 Hand Cart
32:17 Stone Mining
36:05 Imperial Age
34:34 Husbandry
35:35 Ballistics
35:18 Padded Archer Armor
35:24 Scale Barding Armor
34:53 Light Cavalry
37:42 Chain Barding Armor
37:40 Leather Archer Armor
37:49 Heavy Camel Rider
39:48 Bloodlines
40:53 Chemistry
40:34 Plate Barding Armor
43:49 Heavy Scorpion
Connection lost

Rejoining the realm…

Still unreachable

The connection could not be restored.

Session expired

The server has moved on; the page needs a fresh start.